 Dungeon Crawl Stone Soup version 0.24.0-37-gcf1ca852f1 (webtiles) character file.

Game seed: 3826619621545484951, levelgen mode: deterministic

60 PentaManta the Skirmisher (level 4, 20/29 HPs)
             Began as a Gargoyle Monk on Dec 6, 2019.
             Got out of the dungeon alive.
             The game lasted 00:01:11 (438 turns).

PentaManta the Skirmisher (Gargoyle Monk)            Turns: 438, Time: 00:01:11

Health: 20/29      AC:  5    Str: 16    XL:     4   Next: 6%
Magic:  4/4        EV: 13    Int: 10    God:
Gold:   33         SH:  0    Dex: 12    Spells: 3/3 levels left

rFire    . . .     SeeInvis .   i - +2 dagger (venom)
rCold    . . .     Gourm    .   (no shield)
rNeg     + . .     Faith    .   b - +0 robe
rPois    ∞         Spirit   .   (no helmet)
rElec    +         Reflect  .   (no cloak)
rCorr    .         Harm     .   (no gloves)
MR       .....                  (no boots)
Stlth    ++........             (no amulet)
HPRegen  0.09/turn              (no ring)
MPRegen  0.09/turn              (no ring)

@: no status effects
A: negative energy resistance 1, electricity resistance, unbreathing,
petrification resistance, rot immunity, AC +3
a: no special abilities


You escaped.
You were not hungry.

You visited 1 branch of the dungeon, and saw 2 of its levels.

You collected 33 gold pieces.

Inventory:

Hand Weapons
 a - a +0 mace
 i - a +2 dagger of venom (weapon)
Armour
 b - a +0 robe (worn)
Jewellery
 g - a +3 ring of strength {unknown}
Scrolls
 d - a scroll of teleportation {unknown}
 e - a scroll of identify {unknown}
 j - a scroll of remove curse {unknown}
Potions
 f - a potion of flight {unknown}
 h - a potion of heal wounds {unknown}
Comestibles
 c - 2 rations


   Skills:
 + Level 3.8 Fighting
 + Level 3.5 Maces & Flails
 + Level 1.7 Armour
 + Level 2.9 Dodging
 - Level 2.1 Stealth


You had 3 spell levels left.
You didn't know any spells.
Your spell library was empty.

Dungeon Overview and Level Annotations

Branches:
Dungeon (2/15)

Altars:


Innate Abilities, Weirdness & Mutations

You are resistant to torment.
Your stone body is resilient. (AC +3)
You are immune to poison.
You resist negative energy. (rN+)
You are resistant to electric shocks. (rElec)
You can survive without breathing.
You are immune to petrification.
You are immune to rotting.


Message History

The hound is heavily wounded.
The hound bites you. The hound barely misses you.
You hit the hound.
The hound looks as sick as possible!
The hound is severely wounded.
The hound bites you but does no damage.
You barely miss the hound.
The hound is almost dead.
The hound bites you. The hound closely misses you.
You hit the hound.
You kill the hound!
You have reached level 4!
You feel stronger.
You open the door.
There is an open door here.
You see here a rat corpse.
There is an open door here.
There is an open door here.
There is a staircase leading out of the dungeon here.
Are you sure you want to leave the Dungeon?
This will make you lose the game!
You have escaped!

##+## #. #.# #.# #.
..# #.# #. .## #.#
#.# ########## ###
#.......#..#.#
######..###..#..#..
#....#.....#.# #..#
#.@..'..#..+.#..#..
#....#..####.#. #.#
######..#....####.#
##...##......#
#############


There were no monsters in sight!

Vanquished Creatures
  A hound (D:1)
  An adder (D:2)
  An ooze (D:1)
  A dart slug (D:2)
  A giant cockroach (D:2)
  4 goblins (D:2)
  A bat (D:2)
  2 kobolds (D:1)
  6 rats
18 creatures vanquished.

Notes
Turn   | Place    | Note
-------+----------+-------------------------------------------
     0 | D:1      | PentaManta the Gargoyle Monk began the quest for the Orb.
     0 | D:1      | Reached XP level 1. HP: 14/14 MP: 1/1
    94 | D:1      | Reached XP level 2. HP: 18/19 MP: 2/2
   240 | D:1      | You fall into a shaft and drop 1 floor!
   308 | D:2      | Reached skill level 1 in Armour
   349 | D:2      | Reached XP level 3. HP: 19/24 MP: 3/3
   366 | D:1      | Reached XP level 4. HP: 14/29 MP: 4/4
   438 | D:$      | Got out of the dungeon alive.

Levels and vault maps discovered:
D:1:      dpeg_arrival_erosion, layout_loops_corners
D:2:      layout_basic, tgw_trog, chequers_serial_rivers_room_a,
          kennysheep_another_room, grunt_decor_cap

Skill      XL: |  1  2 |
---------------+-------+-----
Armour         | 1 |  1.7
Fighting       | |  3.8
Maces & Flails | |  3.5
Dodging        | |  2.9
Stealth        | |  2.1

Action                   |  1- 3 |  4- 6 || total
-------------------------+-------+-------++-------
Melee: Mace              |    31 |       ||    31
       Dagger            |    24 |       ||    24
 Stab: Sleeping          |     2 |       ||     2
Armor: Robe              |    19 |       ||    19
Dodge: Dodged            |    36 |       ||    36
